[Event "14th Margaryan Memorial-IM 2024"]
[Site "Yerevan"]
[Date "2024.01.11"]
[Round "4.10"]
[White "Kaiyrbekov, Rustam"]
[Black "Sagradov Sahakyan, Alexander"]
[Result "1/2-1/2"]
[ECO "D02"]
[WhiteElo "2295"]
[BlackElo "1423"]
[Annotator "RC"]
[PlyCount "101"]
[EventDate "2024.01.08"]
[EventType "tourn"]
[EventCountry "ARM"]
[SourceTitle "playchess.com"]
[Source "ChessBase"]
[SourceQuality "1"]
[TimeControl "40/5400+30:1800+30"]

1. d4 Nf6 2. Nf3 d5 3. Bf4 c5 4. c3 Qb6 5. Qb3 Nc6 6. e3 c4 7. Qxb6 axb6 8. Na3 Ra5 9. Bc7 e6 10. Nc2 Kd7 11. Bg3 b5 12. a3 Ne4 13. Nd2 Nxg3 14. hxg3 g6 15. f4 Bg7 16. Be2 h5 17. g4 hxg4 18. Rxh8 Bxh8 19. Bxg4 Ke7 20. Kf2 Bd7 21. Bf3 f5 22. Be2 Ra8 23. Nf3 Bf6 24. Ne5 Nxe5 25. dxe5 Bg7 26. g4 Rh8 27. Kg3 Bf8 28. Rb1 Ke8 29. Nd4 Bc5 30. Bf3 Kf7 31. Rg1 Rh7 32. Bg2 Rh8 33. Rf1 Bxd4 34. exd4 Bc6 35. Bf3 Be8 36. Rb1 Bc6 37. Rh1 Rxh1 38. Bxh1 Kg7 39. Kh4 Kh6 40. Bf3 Be8 41. Bd1 Bc6 42. gxf5 gxf5 43. Bh5 Bd7 44. Bf7 Kg7 45. Bh5 Kh6 46. Bd1 Bc6 47. b3 Be8 48. bxc4 bxc4 49. Bc2 Bd7 50. Bd1 Be8 51. Bf3 1/2-1/2

[Event "14th Margaryan Memorial-IM 2024"]
[Site "Yerevan"]
[Date "2024.01.12"]
[Round "5.6"]
[White "Sagradov Sahakyan, Alexander"]
[Black "Zakaryan, David"]
[Result "1-0"]
[ECO "A37"]
[WhiteElo "1423"]
[BlackElo "2299"]
[Annotator "RC"]
[PlyCount "33"]
[EventDate "2024.01.08"]
[EventType "tourn"]
[EventCountry "ARM"]
[SourceTitle "playchess.com"]
[Source "ChessBase"]
[SourceQuality "1"]
[TimeControl "40/5400+30:1800+30"]

1. c4 c5 2. g3 g6 3. Bg2 Bg7 4. Nc3 Nc6 5. Nf3 d6 6. O-O e5 7. a3 Nge7 8. b4 Be6 9. Ng5 Bxc4 10. d3 cxb4 11. axb4 Be6 12. Nxe6 fxe6 13. b5 Na5 14. Qa4 e4 15. Nxe4 Bxa1 16. Qxa1 e5 17. Ba3 1-0

[Event "14th Margaryan Memorial-IM 2024"]
[Site "Yerevan"]
[Date "2024.01.12"]
[Round "5.7"]
[White "Hayrapetyan, Edgar"]
[Black "Kaiyrbekov, Rustam"]
[Result "1-0"]
[ECO "B30"]
[WhiteElo "2233"]
[BlackElo "2295"]
[Annotator "RC"]
[PlyCount "50"]
[EventDate "2024.01.08"]
[EventType "tourn"]
[EventCountry "ARM"]
[SourceTitle "playchess.com"]
[Source "ChessBase"]
[SourceQuality "1"]
[TimeControl "40/5400+30:1800+30"]

1. e4 c5 2. Nc3 e6 3. Nf3 Nc6 4. Bb5 Nd4 5. Bd3 Ne7 6. O-O Nec6 7. Nxd4 cxd4 8. Ne2 Be7 9. c3 Qb6 10. Qb3 Bc5 11. Qxb6 Bxb6 12. Bb5 dxc3 13. bxc3 d6 14. a4 Bd7 15. d4 Na5 16. Bd3 Bc6 17. Ba3 d5 18. exd5 exd5 19. Ng3 O-O-O 20. Nf5 Kc7 21. Nxg7 Nb3 22. Ra2 Rdg8 23. Nf5 Ba5 24. Rb1 Bxa4 25. Bd6+ Kc8 1-0

[Event "14th Margaryan Memorial-IM 2024"]
[Site "Yerevan"]
[Date "2024.01.12"]
[Round "5.8"]
[White "Gasparyan, Erik R."]
[Black "Lomsadze, Davit"]
[Result "1/2-1/2"]
[ECO "C54"]
[WhiteElo "2340"]
[BlackElo "2253"]
[Annotator "RC"]
[PlyCount "73"]
[EventDate "2024.01.08"]
[EventType "tourn"]
[EventCountry "ARM"]
[SourceTitle "playchess.com"]
[Source "ChessBase"]
[SourceQuality "1"]
[TimeControl "40/5400+30:1800+30"]

1. e4 e5 2. Nf3 Nc6 3. Bc4 Bc5 4. c3 Nf6 5. d4 exd4 6. e5 d5 7. Bb5 Ne4 8. cxd4 Bb6 9. Nc3 Bg4 10. Be3 O-O 11. h3 Bf5 12. Qb3 Ne7 13. O-O c6 14. Bd3 Nxc3 15. Qxc3 Qd7 16. Nh4 Bxd3 17. Qxd3 f6 18. f4 fxe5 19. dxe5 c5 20. b3 Qe6 21. Rae1 Rac8 22. Kh1 c4 23. bxc4 dxc4 24. Qe4 Qd5 25. Bxb6 axb6 26. Qe3 Qc5 27. Qf3 g6 28. Qg4 Nf5 29. Nxf5 Rxf5 30. Qf3 Qc6 31. Qe3 Rd8 32. Rd1 Rxd1 33. Rxd1 Qc5 34. Qf3 Qc6 35. Qe3 Qc5 36. Qf3 Qc6 37. Qe3 1/2-1/2

[Event "14th Margaryan Memorial-IM 2024"]
[Site "Yerevan"]
[Date "2024.01.12"]
[Round "5.9"]
[White "Rostomyan, Mikayel"]
[Black "Pashikyan, Rudolf"]
[Result "1/2-1/2"]
[ECO "D38"]
[WhiteElo "2294"]
[BlackElo "2287"]
[Annotator "RC"]
[PlyCount "157"]
[EventDate "2024.01.08"]
[EventType "tourn"]
[EventCountry "ARM"]
[SourceTitle "playchess.com"]
[Source "ChessBase"]
[SourceQuality "1"]
[TimeControl "40/5400+30:1800+30"]

1. d4 Nf6 2. Nf3 d5 3. c4 e6 4. Nc3 Bb4 5. Bg5 h6 6. Bxf6 Qxf6 7. Qb3 c5 8. cxd5 exd5 9. dxc5 Bxc3+ 10. Qxc3 Qxc3+ 11. bxc3 Nd7 12. Rd1 Nf6 13. e3 Bd7 14. Rb1 Rb8 15. c4 Ke7 16. cxd5 Nxd5 17. Bc4 Be6 18. Nd4 Nc3 19. Rc1 Nxa2 20. Bxa2 Bxa2 21. Ra1 Bd5 22. Rxa7 Rhc8 23. Kd2 Rxc5 24. f3 Kf8 25. Rb1 b5 26. e4 Bc4 27. Rb4 Rh5 28. h3 Bf1 29. Nf5 Rxf5 30. exf5 Bxg2 31. Rf4 Bxh3 32. Ra1 b4 33. Rh1 b3 34. Kc1 b2+ 35. Kb1 Bg2 36. Rh2 Bf1 37. Rxb2 Rxb2+ 38. Kxb2 Ke7 39. f6+ gxf6 40. Rh4 Bg2 41. f4 Ke6 42. Rxh6 Kf5 43. Rh4 Bf3 44. Kc3 Bg4 45. Rh6 Kxf4 46. Rxf6+ Kg5 47. Rxf7 Be6 48. Rf2 Kg6 49. Kd4 Kg7 50. Ke5 Bg8 51. Rg2+ Kh8 52. Kf6 Bh7 53. Rh2 Kg8 54. Rd2 Kh8 55. Kf7 Bg8+ 56. Kg6 Bh7+ 57. Kh6 Bg8 58. Rb2 Bd5 59. Rb4 Bf7 60. Rb7 Bc4 61. Kg6 Bd3+ 62. Kf6 Bh7 63. Kf7 Bg8+ 64. Kg6 Bc4 65. Rd7 Bg8 66. Rc7 Ba2 67. Rh7+ Kg8 68. Ra7 Bb1+ 69. Kf6 Bc2 70. Ra8+ Kh7 71. Ra2 Bb3 72. Rf2 Bc4 73. Rh2+ Kg8 74. Rg2+ Kh7 75. Rg7+ Kh8 76. Kg6 Bg8 77. Rc7 Ba2 78. Rc8+ Bg8 79. Rf8 1/2-1/2

[Event "14th Margaryan Memorial-IM 2024"]
[Site "Yerevan"]
[Date "2024.01.12"]
[Round "5.10"]
[White "Ambartsumian, Tyhran"]
[Black "Putrenko, Kirill"]
[Result "1-0"]
[ECO "B51"]
[WhiteElo "2224"]
[BlackElo "2353"]
[Annotator "RC"]
[PlyCount "77"]
[EventDate "2024.01.08"]
[EventType "tourn"]
[EventCountry "ARM"]
[SourceTitle "playchess.com"]
[Source "ChessBase"]
[SourceQuality "1"]
[TimeControl "40/5400+30:1800+30"]

1. e4 c5 2. Nf3 d6 3. Bb5+ Nd7 4. Ba4 Ngf6 5. O-O e6 6. Re1 a6 7. c3 b5 8. Bc2 Bb7 9. d4 Be7 10. Nbd2 Qc7 11. e5 dxe5 12. dxe5 Nd5 13. h4 h6 14. h5 c4 15. Ne4 Nxe5 16. Nxe5 Qxe5 17. Nc5 Qc7 18. Nxb7 Qxb7 19. Qf3 Rd8 20. Bf4 Qb6 21. Be5 Bf6 22. Bg3 Bg5 23. Be5 Bf6 24. Bg3 Bg5 25. Be5 Nf6 26. Bd4 Rxd4 27. cxd4 O-O 28. Rad1 Rd8 29. b3 Qa5 30. bxc4 bxc4 31. Qe2 Qc3 32. Rb1 Nxh5 33. g3 Nf6 34. Rb7 Rc8 35. Rxf7 Rc6 36. Rb7 Bd2 37. Bg6 Kf8 38. Rf7+ Kg8 39. Rb1 1-0

[Event "14th Margaryan Memorial-IM 2024"]
[Site "Yerevan"]
[Date "2024.01.13"]
[Round "6.1"]
[White "Babujian, Levon"]
[Black "Davtyan, Arsen"]
[Result "0-1"]
[ECO "E51"]
[WhiteElo "2346"]
[BlackElo "2392"]
[Annotator "RC"]
[PlyCount "200"]
[EventDate "2024.01.08"]
[EventType "tourn"]
[EventCountry "ARM"]
[SourceTitle "playchess.com"]
[Source "ChessBase"]
[SourceQuality "1"]
[TimeControl "40/5400+30:1800+30"]

1. c4 e6 2. d4 Nf6 3. Nf3 d5 4. Nc3 Bb4 5. e3 O-O 6. a3 Be7 7. Be2 b6 8. O-O Bb7 9. b4 dxc4 10. Bxc4 Nbd7 11. Bb2 c5 12. dxc5 bxc5 13. b5 Nb6 14. Be2 c4 15. a4 a5 16. Qc2 Qc7 17. Rac1 Rac8 18. h3 Rfd8 19. Rfd1 h6 20. Rxd8+ Rxd8 21. Rd1 Rc8 22. Nd4 Nfd5 23. Nxd5 Nxd5 24. Ba1 c3 25. Qb3 Qe5 26. Nc2 Nf4 27. Bg4 Nxg2 28. Rd7 Nh4 29. Rxe7 Nf3+ 30. Bxf3 Bxf3 31. Ne1 Qg5+ 32. Kh2 Qe5+ 33. Kg1 Bd5 34. Re8+ Rxe8 35. Qxc3 Qxc3 36. Bxc3 Bb3 37. b6 Bxa4 38. Bxa5 Bc6 39. Nd3 Ra8 40. Bb4 Ra1+ 41. Kh2 Rb1 42. Bc5 f6 43. f4 Kf7 44. Bd4 Kg6 45. Kg3 Kf5 46. Kf2 Rb3 47. Nc1 Rb5 48. Ne2 e5 49. fxe5 fxe5 50. e4+ Kf6 51. Be3 Bxe4 52. h4 Bc6 53. Ng3 Rb2+ 54. Ke1 g6 55. Bxh6 Rxb6 56. Bg5+ Kf7 57. Nf1 Rb2 58. Ne3 Ke6 59. Bh6 Bb5 60. Kd1 Ra2 61. Kc1 Ba4 62. Bg5 Re2 63. Bh6 e4 64. Bf4 Bb3 65. Kb1 Rf2 66. Bh6 Kd6 67. Ng4 Rg2 68. Ne3 Re2 69. Ng4 Kd5 70. Bg5 Kc4 71. Bf6 Bc2+ 72. Kc1 Kd5 73. Kb2 Bd1+ 74. Kc1 Ba4 75. Bg5 Rc2+ 76. Kb1 Rc8 77. Kb2 Rc6 78. Be3 Bd1 79. Nf2 Be2 80. Nh3 Ke5 81. Ng5 Bd3 82. Kb3 Rc2 83. Nf7+ Ke6 84. Nh6 Re2 85. Bg5 Rg2 86. Kc3 Kd5 87. Bd2 Bb5 88. Bg5 Ba4 89. Ng8 Rc2+ 90. Kb4 Rc4+ 91. Ka3 Ke6 92. Kb2 Bd1 93. Nh6 Rc2+ 94. Kb1 Rf2 95. Kc1 Bh5 96. Ng8 Ke5 97. Ne7 Kd4 98. Nc6+ Kc3 99. Kb1 Rf1+ 100. Ka2 Bg4 0-1

[Event "14th Margaryan Memorial-IM 2024"]
[Site "Yerevan"]
[Date "2024.01.13"]
[Round "6.2"]
[White "Shuvalova, Polina"]
[Black "Ivanov, Sergey"]
[Result "1/2-1/2"]
[ECO "B29"]
[WhiteElo "2475"]
[BlackElo "2462"]
[Annotator "RC"]
[PlyCount "92"]
[EventDate "2024.01.08"]
[EventType "tourn"]
[EventCountry "ARM"]
[SourceTitle "playchess.com"]
[Source "ChessBase"]
[SourceQuality "1"]
[TimeControl "40/5400+30:1800+30"]

1. e4 c5 2. Nf3 Nf6 3. Nc3 d5 4. exd5 Nxd5 5. Bb5+ Bd7 6. Ne5 Bxb5 7. Qf3 f6 8. Nxb5 Na6 9. Qh5+ g6 10. Nxg6 hxg6 11. Qxh8 Qd7 12. Qh4 Qxb5 13. c4 Qb4 14. Qe4 Ndc7 15. Qxg6+ Kd7 16. b3 Qb6 17. O-O Rd8 18. Bb2 Kc8 19. Bc3 Ne6 20. h4 Qd6 21. Rae1 Nac7 22. Re4 Kb8 23. g3 b5 24. a3 b4 25. axb4 cxb4 26. c5 Nxc5 27. Rxb4+ Ka8 28. h5 Qd3 29. Qxd3 Nxd3 30. Rd4 Rd5 31. Ra1 Kb7 32. Rxd5 Nxd5 33. Ra4 e5 34. Rg4 Ne7 35. Bb4 Nxb4 36. Rxb4+ Kc7 37. Ra4 Nc6 38. g4 Bh6 39. d3 a5 40. Kg2 Kd6 41. Rc4 Kd5 42. Kf1 Bg5 43. Ke1 Nd4 44. Ra4 Nc6 45. Rc4 Nd4 46. Ra4 Nc6 1/2-1/2

[Event "14th Margaryan Memorial-IM 2024"]
[Site "Yerevan"]
[Date "2024.01.13"]
[Round "6.4"]
[White "Shahinyan, David"]
[Black "Sorensen, Hampus"]
[Result "1-0"]
[ECO "C56"]
[WhiteElo "2436"]
[BlackElo "2458"]
[Annotator "RC"]
[PlyCount "123"]
[EventDate "2024.01.08"]
[EventType "tourn"]
[EventCountry "ARM"]
[SourceTitle "playchess.com"]
[Source "ChessBase"]
[SourceQuality "1"]
[TimeControl "40/5400+30:1800+30"]

1. e4 e5 2. Nf3 Nc6 3. d4 exd4 4. Bc4 Nf6 5. O-O Nxe4 6. Re1 d5 7. Bxd5 Qxd5 8. Nc3 Qh5 9. Nxe4 Be6 10. Bg5 Bd6 11. Nxd6+ cxd6 12. Bf4 O-O 13. Nxd4 Qxd1 14. Rexd1 Nxd4 15. Rxd4 Rfc8 16. c3 d5 17. a4 Rc4 18. Be3 Rxd4 19. Bxd4 a6 20. f3 Re8 21. g4 f6 22. Kf2 Kf7 23. Rg1 Bd7 24. b3 h5 25. h3 hxg4 26. hxg4 Rh8 27. a5 Rh2+ 28. Kg3 Re2 29. Rh1 Kg8 30. g5 fxg5 31. Rh5 Bf5 32. Rxg5 g6 33. Kf4 Re7 34. Rg1 Kf7 35. Bc5 Re8 36. Rh1 Ke6 37. Kg5 Rc8 38. b4 Rc7 39. Re1+ Kd7 40. Re5 Kc6 41. Kf6 Rh7 42. Bd4 Rd7 43. Re8 Rd6+ 44. Kg5 Rd7 45. Rf8 Bd3 46. Be5 Kb5 47. Rf6 Rh7 48. Rb6+ Kc4 49. Rxg6 Bxg6 50. Kxg6 Rh3 51. f4 Rg3+ 52. Kh6 Rh3+ 53. Kg6 Kd3 54. Kf5 Kc4 55. Ke6 Rh6+ 56. Kf5 Kd3 57. Bd4 Rh5+ 58. Kg6 Rh3 59. f5 Rg3+ 60. Kf7 Ke4 61. f6 Kf5 62. Ke7 1-0

[Event "14th Margaryan Memorial-IM 2024"]
[Site "Yerevan"]
[Date "2024.01.13"]
[Round "6.5"]
[White "Agasarov, Benik"]
[Black "Ohanyan, Emin"]
[Result "1/2-1/2"]
[ECO "D61"]
[WhiteElo "2340"]
[BlackElo "2456"]
[Annotator "RC"]
[PlyCount "82"]
[EventDate "2024.01.08"]
[EventType "tourn"]
[EventCountry "ARM"]
[SourceTitle "playchess.com"]
[Source "ChessBase"]
[SourceQuality "1"]
[TimeControl "40/5400+30:1800+30"]

1. d4 d5 2. Nf3 e6 3. c4 Nd7 4. Nc3 Ngf6 5. Bg5 h6 6. Bh4 Be7 7. e3 O-O 8. Qc2 c5 9. dxc5 Nxc5 10. cxd5 Nxd5 11. Bxe7 Nxe7 12. Rd1 Qb6 13. a3 a5 14. Ne5 Qc7 15. Na4 b6 16. Nd3 Nxd3+ 17. Bxd3 Qxc2 18. Bxc2 b5 19. Nc5 Ra7 20. Be4 f5 21. Bf3 Ng6 22. Be2 b4 23. axb4 axb4 24. O-O Rc7 25. Rc1 Rd8 26. Nb3 Rxc1 27. Rxc1 Bb7 28. Bc4 Kf7 29. Bxe6+ Kxe6 30. Nc5+ Kf6 31. Nxb7 Rd2 32. b3 Ne5 33. h3 Ke6 34. Rc7 Kf6 35. Nc5 Nd3 36. Rd7 Rd1+ 37. Kh2 Nxf2 38. Kg3 Nh1+ 39. Kh2 Nf2 40. Kg3 Nh1+ 41. Kh2 Nf2 1/2-1/2

[Event "14th Margaryan Memorial-IM 2024"]
[Site "Yerevan"]
[Date "2024.01.13"]
[Round "6.6"]
[White "Zakaryan, David"]
[Black "Putrenko, Kirill"]
[Result "1/2-1/2"]
[ECO "B84"]
[WhiteElo "2299"]
[BlackElo "2353"]
[Annotator "RC"]
[PlyCount "73"]
[EventDate "2024.01.08"]
[EventType "tourn"]
[EventCountry "ARM"]
[SourceTitle "playchess.com"]
[Source "ChessBase"]
[SourceQuality "1"]
[TimeControl "40/5400+30:1800+30"]

1. e4 c5 2. Nf3 d6 3. d4 cxd4 4. Nxd4 Nf6 5. Nc3 a6 6. Be3 e6 7. Be2 Be7 8. f4 O-O 9. g4 d5 10. e5 Ne4 11. Nxe4 dxe4 12. O-O Qc7 13. c3 b6 14. Qe1 Nd7 15. Qg3 b5 16. g5 Bb7 17. h4 Bd5 18. h5 Kh8 19. Qh3 Nc5 20. Rf2 f5 21. exf6 gxf6 22. f5 fxg5 23. Raf1 g4 24. Bxg4 Nd3 25. fxe6 Nxf2 26. Rxf2 Rxf2 27. Kxf2 Rf8+ 28. Ke1 Bf6 29. a3 Qc4 30. Ne2 Qd3 31. Nf4 Bh4+ 32. Qxh4 Qxe3+ 33. Ne2 Qd3 34. Qg5 e3 35. Qe5+ Kg8 36. Qg5+ Kh8 37. Qe5+ 1/2-1/2

[Event "14th Margaryan Memorial-IM 2024"]
[Site "Yerevan"]
[Date "2024.01.13"]
[Round "6.7"]
[White "Pashikyan, Rudolf"]
[Black "Ambartsumian, Tyhran"]
[Result "1-0"]
[ECO "B07"]
[WhiteElo "2287"]
[BlackElo "2224"]
[Annotator "RC"]
[PlyCount "81"]
[EventDate "2024.01.08"]
[EventType "tourn"]
[EventCountry "ARM"]
[SourceTitle "playchess.com"]
[Source "ChessBase"]
[SourceQuality "1"]
[TimeControl "40/5400+30:1800+30"]

1. d4 Nf6 2. Nf3 g6 3. Nbd2 Bg7 4. e4 d6 5. Bb5+ c6 6. Bd3 O-O 7. c3 Qc7 8. a4 a5 9. O-O Nbd7 10. Re1 e5 11. h3 Nb6 12. dxe5 dxe5 13. Nc4 Rd8 14. Nxb6 Qxb6 15. Nxe5 Be6 16. Qe2 Nh5 17. Ng4 Qc7 18. Bc4 Re8 19. Nh2 Bd5 20. Qd3 Re6 21. Bxd5 cxd5 22. Qxd5 Rd8 23. Qb3 Rde8 24. Nf3 Nf6 25. Be3 Nxe4 26. Rad1 h5 27. Qd5 Bf6 28. Qd7 Qc4 29. Qxb7 Qxa4 30. Ra1 Qc2 31. Rxa5 Nd6 32. Qb4 Nf5 33. Rc1 Qd3 34. Qb5 Qe4 35. Ra4 Qc6 36. Qxc6 Rxc6 37. Bf4 Rb6 38. Rc2 Rd8 39. g4 Rd1+ 40. Kg2 hxg4 41. hxg4 1-0

[Event "14th Margaryan Memorial-IM 2024"]
[Site "Yerevan"]
[Date "2024.01.13"]
[Round "6.8"]
[White "Lomsadze, Davit"]
[Black "Rostomyan, Mikayel"]
[Result "0-1"]
[ECO "D02"]
[WhiteElo "2253"]
[BlackElo "2294"]
[Annotator "RC"]
[PlyCount "148"]
[EventDate "2024.01.08"]
[EventType "tourn"]
[EventCountry "ARM"]
[SourceTitle "playchess.com"]
[Source "ChessBase"]
[SourceQuality "1"]
[TimeControl "40/5400+30:1800+30"]

1. Nf3 d5 2. g3 Nc6 3. d4 Bf5 4. Bg2 Nb4 5. Na3 e6 6. O-O h6 7. c3 Na6 8. Ne5 c6 9. Nc2 Nf6 10. f3 Be7 11. e4 Bh7 12. Qe2 Nc7 13. Bf4 O-O 14. Rad1 Nd7 15. Ng4 a5 16. Bc1 b5 17. Nce3 f6 18. Nf2 Nb6 19. f4 Nc4 20. Nxc4 bxc4 21. Rfe1 Bd6 22. Qh5 f5 23. exd5 cxd5 24. Re2 a4 25. a3 Qf6 26. Rde1 Bg6 27. Qf3 Qf7 28. Qe3 Bh5 29. Bf3 Rae8 30. Kh1 Re7 31. Rg1 Kh8 32. Ree1 Ne8 33. g4 fxg4 34. Bxg4 Nf6 35. Bh3 Bg6 36. Rgf1 Bf5 37. Bg2 Ng4 38. Nxg4 Bxg4 39. Bh3 Bf5 40. Qg3 Rfe8 41. Qh4 Bxh3 42. Qxh3 Qf5 43. Qf3 Rf8 44. Qd1 Ra7 45. Re2 Rf6 46. Rg2 Rg6 47. Rxg6 Qxg6 48. Qf3 Rf7 49. h3 Qf5 50. Qg4 Qe4+ 51. Qg2 g5 52. Qxe4 dxe4 53. Re1 Bxf4 54. Bxf4 Rxf4 55. Kg2 Kg7 56. Rd1 e3 57. Re1 Rf2+ 58. Kg3 Rxb2 59. Rxe3 Rb3 60. Rxe6 Rxc3+ 61. Kg4 Rxa3 62. Rc6 Rc3 63. d5 a3 64. Kf5 Rf3+ 65. Ke4 Rxh3 66. Ra6 Rd3 67. Ra4 Kg6 68. Rxc4 a2 69. Ra4 Rd2 70. Ke5 Kh5 71. d6 g4 72. Ke6 g3 73. d7 Rxd7 74. Rxa2 Rg7 0-1

[Event "14th Margaryan Memorial-IM 2024"]
[Site "Yerevan"]
[Date "2024.01.13"]
[Round "6.9"]
[White "Kaiyrbekov, Rustam"]
[Black "Gasparyan, Erik R."]
[Result "0-1"]
[ECO "D02"]
[WhiteElo "2295"]
[BlackElo "2340"]
[Annotator "RC"]
[PlyCount "81"]
[EventDate "2024.01.08"]
[EventType "tourn"]
[EventCountry "ARM"]
[SourceTitle "playchess.com"]
[Source "ChessBase"]
[SourceQuality "1"]
[TimeControl "40/5400+30:1800+30"]

1. d4 Nf6 2. Nf3 d5 3. Bf4 c5 4. e3 Nc6 5. c3 Nh5 6. Bg5 h6 7. Bh4 g5 8. Bg3 g4 9. Nfd2 Nxg3 10. hxg3 Bf5 11. dxc5 e5 12. Nb3 h5 13. N1d2 Qf6 14. Qe2 O-O-O 15. Qb5 Bh6 16. Bd3 Kb8 17. Bxf5 Qxf5 18. Na5 Nxa5 19. Qxa5 Rc8 20. Nb3 h4 21. Rxh4 Bg5 22. Rxh8 Rxh8 23. O-O-O Qxf2 24. Qb5 Qxe3+ 25. Kb1 a6 26. Qb6 Rh6 27. Qb4 Qe2 28. Rg1 f5 29. c6 Qe4+ 30. Qxe4 dxe4 31. cxb7 Kxb7 32. Rf1 Rf6 33. Nc5+ Kc6 34. b4 e3 35. Kc2 f4 36. Nd3 Kd5 37. Rd1 f3 38. Nf2+ Kc6 39. Nxg4 f2 40. Nxe5+ Kc7 41. Ra1 0-1

[Event "14th Margaryan Memorial-IM 2024"]
[Site "Yerevan"]
[Date "2024.01.13"]
[Round "6.10"]
[White "Sagradov Sahakyan, Alexander"]
[Black "Hayrapetyan, Edgar"]
[Result "1-0"]
[ECO "E46"]
[WhiteElo "1423"]
[BlackElo "2233"]
[Annotator "RC"]
[PlyCount "145"]
[EventDate "2024.01.08"]
[EventType "tourn"]
[EventCountry "ARM"]
[SourceTitle "playchess.com"]
[Source "ChessBase"]
[SourceQuality "1"]
[TimeControl "40/5400+30:1800+30"]

1. d4 Nf6 2. c4 e6 3. Nc3 Bb4 4. e3 O-O 5. Bd2 Re8 6. a3 Bf8 7. e4 d5 8. e5 Ne4 9. Nxe4 dxe4 10. Bc3 c5 11. dxc5 Qc7 12. Qd4 Nd7 13. Qxe4 Nxc5 14. Qe3 b5 15. cxb5 Bb7 16. Nf3 Nb3 17. Rd1 Bc5 18. Qf4 Rad8 19. Bd3 Bxf3 20. Qxf3 Nd4 21. Qe4 g6 22. O-O Rd5 23. Rfe1 Red8 24. Bc4 R5d7 25. a4 Bb6 26. Bf1 Qc5 27. Kh1 Nb3 28. Rxd7 Rxd7 29. Qf3 Qxf2 30. Qxf2 Bxf2 31. Rb1 Nc5 32. a5 Ne4 33. Be1 Nd2 34. Bxd2 Rxd2 35. b6 axb6 36. a6 b5 37. Bxb5 Rd5 38. Bc6 Rxe5 39. b4 Re2 40. b5 Ra2 41. g3 Bb6 42. Rd1 Kg7 43. Rd7 Kf6 44. Rb7 Be3 45. Be8 Kf5 46. Bxf7 g5 47. Re7 Ra1+ 48. Kg2 g4 49. h4 Bc5 50. Rxe6 Rg1+ 51. Kh2 Rb1 52. Re2 Rxb5 53. Be6+ Kf6 54. Bxg4 Ra5 55. Re6+ Kg7 56. Rc6 Bd4 57. Bf3 Be5 58. Re6 Bd4 59. Re7+ Kf8 60. Rd7 Be3 61. Rd6 Ke7 62. Rc6 Kd7 63. Rc3 Bb6 64. Bb7 h5 65. Kh3 Ra2 66. Rd3+ Ke7 67. Rd5 Bc7 68. Rxh5 Kf6 69. Rc5 Be5 70. Rc6+ Kf7 71. Rc1 Kg6 72. Rf1 Bb8 73. Be4+ 1-0

[Event "14th Margaryan Memorial-IM 2024"]
[Site "Yerevan"]
[Date "2024.01.14"]
[Round "7.1"]
[White "Ohanyan, Emin"]
[Black "Babujian, Levon"]
[Result "1-0"]
[ECO "E17"]
[WhiteElo "2456"]
[BlackElo "2346"]
[Annotator "RC"]
[PlyCount "117"]
[EventDate "2024.01.08"]
[EventType "tourn"]
[EventCountry "ARM"]
[SourceTitle "playchess.com"]
[Source "ChessBase"]
[SourceQuality "1"]
[TimeControl "40/5400+30:1800+30"]

1. d4 Nf6 2. c4 e6 3. Nf3 b6 4. g3 Bb7 5. Bg2 Be7 6. Nc3 O-O 7. Qc2 c5 8. d5 exd5 9. Nh4 b5 10. cxb5 a6 11. Nf5 axb5 12. Bg5 Nc6 13. Nxe7+ Nxe7 14. Bxf6 gxf6 15. Rd1 Re8 16. O-O Bc6 17. Nxd5 Nxd5 18. Bxd5 Qe7 19. e3 c4 20. Rd4 Qe5 21. Rfd1 f5 22. a3 Kg7 23. Qe2 Qf6 24. Qf3 Re5 25. Bxc6 dxc6 26. Kg2 Rae8 27. R1d2 Re4 28. h3 Rxd4 29. Rxd4 c5 30. Rf4 Re5 31. Qb7 Re4 32. Qxb5 Rxf4 33. gxf4 c3 34. bxc3 Qxc3 35. a4 c4 36. Qxf5 Qb3 37. Qb5 Qd3 38. a5 Qe4+ 39. Kh2 Qf3 40. Qg5+ Kf8 41. Qg2 Qxg2+ 42. Kxg2 c3 43. a6 c2 44. a7 c1=Q 45. a8=Q+ Kg7 46. Qd5 h6 47. Qe5+ Kh7 48. Qf6 Qc4 49. Kg3 Qa2 50. f3 Qa7 51. Kh4 Qb7 52. e4 Qb3 53. Kg4 Qc4 54. Kh5 Qb5+ 55. f5 Qb3 56. Qxh6+ Kg8 57. Qg5+ Kh7 58. Kh4 Qd1 59. f6 1-0

[Event "14th Margaryan Memorial-IM 2024"]
[Site "Yerevan"]
[Date "2024.01.14"]
[Round "7.2"]
[White "Sorensen, Hampus"]
[Black "Agasarov, Benik"]
[Result "1/2-1/2"]
[ECO "A14"]
[WhiteElo "2458"]
[BlackElo "2340"]
[Annotator "RC"]
[PlyCount "60"]
[EventDate "2024.01.08"]
[EventType "tourn"]
[EventCountry "ARM"]
[SourceTitle "playchess.com"]
[Source "ChessBase"]
[SourceQuality "1"]
[TimeControl "40/5400+30:1800+30"]

1. Nf3 Nf6 2. g3 d5 3. Bg2 e6 4. O-O Be7 5. c4 O-O 6. b3 c5 7. cxd5 Nxd5 8. Nc3 Nc6 9. Bb2 Nxc3 10. Bxc3 Qc7 11. Qc2 b6 12. Qb2 f6 13. d4 cxd4 14. Nxd4 Nxd4 15. Bxd4 Bb7 16. Rac1 Qd7 17. Bxb7 Qxb7 18. Rc4 Rac8 19. Rfc1 Rxc4 20. Rxc4 Rc8 21. Qc2 Rxc4 22. Qxc4 Kf7 23. Be3 Qd7 24. a4 h5 25. h3 Qd1+ 26. Kg2 Qd7 27. Kg1 Qd1+ 28. Kg2 Qd7 29. Kg1 Qd1+ 30. Kg2 Qd7 1/2-1/2

[Event "14th Margaryan Memorial-IM 2024"]
[Site "Yerevan"]
[Date "2024.01.14"]
[Round "7.4"]
[White "Ivanov, Sergey"]
[Black "Movahed, Sina"]
[Result "0-1"]
[ECO "E49"]
[WhiteElo "2462"]
[BlackElo "2450"]
[Annotator "RC"]
[PlyCount "132"]
[EventDate "2024.01.08"]
[EventType "tourn"]
[EventCountry "ARM"]
[SourceTitle "playchess.com"]
[Source "ChessBase"]
[SourceQuality "1"]
[TimeControl "40/5400+30:1800+30"]

1. d4 Nf6 2. c4 e6 3. Nc3 Bb4 4. e3 O-O 5. Bd3 d5 6. a3 Bxc3+ 7. bxc3 dxc4 8. Bxc4 c5 9. Bd3 Qc7 10. Bb2 Nc6 11. Nf3 e5 12. dxe5 Nxe5 13. Nxe5 Qxe5 14. Qe2 Re8 15. c4 Qg5 16. Qc2 Bg4 17. h3 Bh5 18. g4 Bg6 19. Bxg6 hxg6 20. O-O-O Qh4 21. Qe2 Ne4 22. Rd7 Rad8 23. Rhd1 Rxd7 24. Rxd7 Qxh3 25. f3 Ng5 26. Qd3 Nxf3 27. Qd5 Qf1+ 28. Kc2 Ne1+ 29. Kb3 Rxe3+ 30. Ka2 Nd3 31. Rxb7 Re8 32. Rxa7 Nxb2 33. Ra8 Rxa8 34. Qxa8+ Kh7 35. Kxb2 Qe2+ 36. Kc3 Qe1+ 37. Kc2 Qf2+ 38. Kb3 Qg3+ 39. Kc2 Qh2+ 40. Kd3 Qh3+ 41. Kd2 f5 42. gxf5 gxf5 43. a4 Qh2+ 44. Kd3 Qg3+ 45. Kc2 Qf2+ 46. Kb3 Qe3+ 47. Kc2 f4 48. Qd5 Qe2+ 49. Kc3 Qe1+ 50. Kd3 Kh6 51. Qxc5 g5 52. a5 Kh5 53. a6 Qb1+ 54. Ke2 Qa2+ 55. Kf3 Qxa6 56. Qd5 Kh4 57. Qd3 g4+ 58. Kf2 Qa2+ 59. Kf1 Qa1+ 60. Kf2 Qb2+ 61. Kf1 Qc1+ 62. Kg2 f3+ 63. Kf2 Qb2+ 64. Ke1 Kg3 65. Kd1 Kf2 66. c5 Qe2+ 0-1

[Event "14th Margaryan Memorial-IM 2024"]
[Site "Yerevan"]
[Date "2024.01.14"]
[Round "7.5"]
[White "Davtyan, Arsen"]
[Black "Shuvalova, Polina"]
[Result "1-0"]
[ECO "C89"]
[WhiteElo "2392"]
[BlackElo "2475"]
[Annotator "RC"]
[PlyCount "97"]
[EventDate "2024.01.08"]
[EventType "tourn"]
[EventCountry "ARM"]
[SourceTitle "playchess.com"]
[Source "ChessBase"]
[SourceQuality "1"]
[TimeControl "40/5400+30:1800+30"]

1. e4 e5 2. Nf3 Nc6 3. Bb5 a6 4. Ba4 Nf6 5. O-O Be7 6. Re1 b5 7. Bb3 O-O 8. c3 Na5 9. Bc2 d5 10. d4 dxe4 11. Nxe5 c5 12. Be3 Bd6 13. Nd2 cxd4 14. Bxd4 Bb7 15. Ng4 Nxg4 16. Qxg4 g6 17. Qh3 Nc6 18. Bxe4 Nxd4 19. Bxb7 Rb8 20. cxd4 Rxb7 21. Ne4 Be7 22. Rad1 Rd7 23. Qd3 Kg7 24. d5 f5 25. Nc3 Bf6 26. Ne2 Be5 27. Nd4 Bxd4 28. Qxd4+ Qf6 29. Re5 f4 30. Rde1 Rff7 31. h3 h5 32. R1e4 Rd6 33. Kh2 Kh7 34. Qd3 Rfd7 35. Qd4 Rf7 36. b3 f3 37. g3 Qd8 38. Re8 Qf6 39. R8e5 Qd8 40. Re8 Qf6 41. R4e5 Kg7 42. h4 Rfd7 43. Qe4 Rf7 44. Rc8 Rfd7 45. Rc3 Rf7 46. Re3 Kh6 47. Qd4 Rfd7 48. R3e4 Qf7 49. Qe3+ 1-0